 Dungeon Crawl Stone Soup version 0.17.1-3-g152610e (webtiles) character file.

142 Gargoyl the Skirmisher (level 5, 0/63 HPs)
             Began as a Demonspawn Abyssal Knight on Mar 23, 2016.
             Was a Believer of Lugonu.
             Succumbed to Kiel97's ghost's poison
             ... on level 2 of the Dungeon.
             The game lasted 00:04:52 (1822 turns).

Gargoyl the Skirmisher (Demonspawn Abyssal Knight)  Turns: 1822, Time: 00:04:52

Health: 0/63       AC: 22    Str: 13    XL:     5   Next: 4%
Magic:  7/7        EV:  2    Int: 14    God:    Lugonu [**....]
Gold:   57         SH:  0    Dex: 12    Spells: 0 memorised, 4 levels left

rFire  . . .     SeeInvis .     a - +1 hand axe
rCold  + . .     Clarity  .     (armour currently unavailable)
rNeg   + + +     SustAt   .     (no shield)
rPois  +         Gourm    .     (helmet currently unavailable)
rElec  .         Spirit   .     (cloak currently unavailable)
rCorr  .         Warding  .     (gloves currently unavailable)
rMut   .         NoTele   +     (boots currently unavailable)
MR     .....                    (no amulet)
Stlth  +.........               (no ring)
                                i - ring of protection from cold

@: lethally poisoned (0 -> -11), tree-form, not resistant to hostile
enchantments, very unstealthy
A: (yellow scales 0), powered by death 1
a: Depart the Abyss, Bend Space, Renounce Religion


You were on level 2 of the Dungeon.
You worshipped Lugonu.
Lugonu was pleased with you.
You were not hungry.
You were a tree.
You visited 1 branch of the dungeon, and saw 3 of its levels.
You visited the Abyss 1 time.

You collected 57 gold pieces.

Inventory:

Hand Weapons
 a - a +1 hand axe (weapon)
Armour
 l - a +0 ring mail (melded)
Jewellery
 i - a ring of protection from cold (left branch)
Scrolls
 b - a scroll of immolation {unknown}
 e - 3 scrolls of identify {unknown}
 h - a scroll of random uselessness {unknown}
 k - a scroll of remove curse {unknown}
 n - a scroll of fog {unknown}
 s - a scroll of noise {unknown}
 t - a scroll of fear {unknown}
Potions
 m - a potion of magic
Comestibles
 c - 3 bread rations
 f - a slice of pizza
 g - 2 meat rations
 p - 2 fruits
 q - a beef jerky


   Skills:
 + Level 4.0 Fighting
 + Level 2.2 Axes
 + Level 2.8 Armour
 + Level 2.3 Dodging
 + Level 3.0 Invocations


You had 4 spell levels left.
You didn't know any spells.

Dungeon Overview and Level Annotations

Branches:
Dungeon (3/15)

Altars:
Qazlal

Annotations:
D:3 Kiel97's ghost, amateur TeMo


Innate Abilities, Weirdness & Mutations

((You are partially covered in yellow scales (AC +2).))
You regenerate a little health from kills.


Message History

You feel sick.
* * * LOW HITPOINT WARNING * * *
You feel very sick.
* * * LOW HITPOINT WARNING * * *
You feel sick.
* * * LOW HITPOINT WARNING * * *
You feel sick.
* * * LOW HITPOINT WARNING * * *
You feel sick.
* * * LOW HITPOINT WARNING * * *
You feel sick.
* * * LOW HITPOINT WARNING * * *
You feel sick.
* * * LOW HITPOINT WARNING * * *
You feel sick.
* * * LOW HITPOINT WARNING * * *
You feel sick.
* * * LOW HITPOINT WARNING * * *
You feel sick.
You die...

..............#.##.......#
................##.#..#.##
##.............###...####
#.....#####.............#
..###†>.......#.).......#
..........#...###.......#
.................#.#.####
######...##...##.......#
###....#..######♣.#....#
..............##.......#
#########...#...#.##...#
###.###...##..<#
#.......##...#
#####...##...# ###.##...#
####...# #####


There were no monsters in sight!

Vanquished Creatures
  A giant frog (D:3)
  3 adders (D:2)
  11 hobgoblins
  8 kobolds
  2 quokkas (D:2)
  5 bats
  3 giant geckos (D:2)
  3 giant newts
  4 goblins
  8 rats
48 creatures vanquished.

Notes
Turn   | Place    | Note
--------------------------------------------------------------
     0 | Abyss:1  | Gargoyl the Demonspawn Abyssal Knight began the quest for the Orb.
     0 | Abyss:1  | Reached XP level 1. HP: 18/18 MP: 2/2
     0 | Abyss:1  | Found a corrupted altar of Lugonu.
    52 | Abyss:1  | Noticed an orange demon
    69 | Abyss:1  | Noticed a thrashing horror
    79 | Abyss:1  | Noticed a freezing wraith
    84 | D:1      | Escaped the Abyss
   190 | D:1      | Reached skill level 1 in Dodging
   388 | D:1      | Reached * piety under Lugonu
   388 | D:1      | Gained mutation: You regenerate a little health from kills. [demonic ancestry]
   388 | D:1      | Reached XP level 2. HP: 24/24 MP: 4/4
   818 | D:2      | Found a stormy altar of Qazlal.
   941 | D:2      | Reached XP level 3. HP: 29/29 MP: 5/5
  1084 | D:2      | Reached ** piety under Lugonu
  1352 | D:2      | Gained mutation: You are partially covered in yellow scales (AC +2). [demonic ancestry]
  1352 | D:2      | Reached XP level 4. HP: 19/37 MP: 6/6
  1571 | D:3      | Noticed a giant frog
  1587 | D:3      | Killed a giant frog
  1587 | D:3      | Reached skill level 4 in Fighting
  1587 | D:3      | Reached XP level 5. HP: 9/42 MP: 7/7
  1611 | D:3      | Noticed Kiel97's ghost (amateur TeMo)
  1819 | D:2      | HP: 3/63 [poisoned by Kiel97's ghost]
  1821 | D:2      | HP: 1/63 [poisoned by Kiel97's ghost]
  1822 | D:2      | Succumbed to Kiel97's ghost's poison

Action                   |  1- 3 |  4- 6 || total
-------------------------+-------+-------++-------
Melee: Hand axe          |   162 |    28 ||   190
Invok: Depart the Abyss  |     1 |       ||     1
  Use: Potion            |     2 |     2 ||     4
  Eat: Chunk             |     1 |     2 ||     3
